 Dungeon Crawl Stone Soup version 0.31-a0-995-g04711c9635 (webtiles) character file.

Game seed: 12233961933338971205

86 Dirtsage the Insei (level 4, 0/29 HPs)
             Began as an Octopode Shapeshifter on Nov 6, 2023.
             Slain by a sky beast (5 damage)
             ... on level 3 of the Dungeon.
             The game lasted 00:02:33 (1668 turns).

Dirtsage the Insei (Octopode Shapeshifter)          Turns: 1668, Time: 00:02:34

Health: 0/29       AC:  1    Str: 13    XL:     4   Next: 50%
Magic:  4/4        EV: 13    Int: 12    God:
Gold:   95         SH:  0    Dex: 13    Spells: 3/3 levels left

rFire   . .          .
                       - Unarmed
rCold   . . .        (no shield)
rNeg    + . .        (helmet currently unavailable)
rPois   .            (no amulet)
rElec   .            N - ring of positive energy
rCorr   .            (no ring)
SInv    .            (no ring)
Will    .....        (no ring)
Stlth   ++           (no ring)
HPRegen 0.24/turn    (no ring)
MPRegen 0.09/turn    (no ring)
                     (no ring)

%: no passive effects
@: beast-form
A: beast (slay +2), almost no armour, amphibious, 8 rings, camouflage 1,
gelatinous body 1, (nimble swimmer 1), tentacles
a: Begin Untransformation


You were on level 3 of the Dungeon.
You were a hulking beast.
You visited 1 branch of the dungeon, and saw 3 of its levels.

You collected 95 gold pieces.

Inventory:

Jewellery
 N - a ring of positive energy (left tentacle)
Talismans
 b - a beast talisman
 c - a flux talisman
Wands
 k - a wand of iceblast (9)
Scrolls
 e - 3 scrolls of identify {unknown}
 h - a scroll of poison {unknown}
 j - a scroll of fear {unknown}
Potions
 a - a potion of lignification
 d - a potion of resistance {unknown}
 f - 2 potions of curing {unknown}
 g - a potion of invisibility {unknown}
 i - 2 potions of mutation {unknown}


   Skills:
 + Level 2.0 Fighting
 - Level 2.0 Dodging
 * Level 4.0 Unarmed Combat
 * Level 3.8 Shapeshifting


You had 3 spell levels left.
You didn't know any spells.
Your spell library contained the following spells:

 Spells                   Type           Power      Damage    Failure   Level
 Apportation              Tloc           0%         N/A       32%         1
 Jinxbite                 Hex            0%         N/A       45%         2
 Sublimation of Blood     Necr           0%         N/A       45%         2
 Petrify                  Tmut/Erth      0%         N/A       97%         4
 Alistair's Intoxication  Tmut/Pois      0%         N/A       100%        5
 Irradiate                Conj/Tmut      0%         3d11      100%        5


Dungeon Overview and Level Annotations

Branches:
Dungeon (3/15)

Altars:


Innate Abilities, Weirdness & Mutations

You are a hulking beast.
Your limbs bulge with bestial killing power. (Slay +2)
You cannot wear most types of armour.
You are amphibious.
You can wear up to eight rings at the same time.
Your skin changes colour to match your surroundings (Stealth+).
Your rubbery body absorbs attacks. (AC +1, EV +1)
((You are camouflaged when in or above water. (Stealth+)))
You have tentacles for arms and can constrict up to eight enemies at once.


Message History

You tentacle-slap Ijyb.
Ijyb is severely wounded.
You constrict Ijyb.
You tentacle-slap Ijyb but do no damage.
You squeeze Ijyb.
Ijyb is almost dead.
You constrict Ijyb, but do no damage. Ijyb hits you with a +0 dagger.
You take 6 damage, and have 11/29 hp.
MASSIVE DAMAGE!!
You tentacle-slap Ijyb. You squeeze Ijyb.
You kill Ijyb!
Your Fighting skill increases to level 2!
Your Unarmed Combat skill increases to level 4!
HP restored.
k - a wand of iceblast (9)
Things that are here:
a +0 dagger; a +3 leather armour of positive energy Health restored: 29
Found a stone staircase leading up.
There is a stone staircase leading up here.
You now have 95 gold pieces (gained 5).
You open the door.
There is an open door here.
A sky beast comes into view.
A sky beast is nearby!
Okay, then.
The sky beast hits you. The sky beast shocks you.
You take 11 damage, and have 18/29 hp.
MASSIVE DAMAGE!!
You tentacle-slap the sky beast. You squeeze the sky beast!
The sky beast is heavily wounded.
The sky beast hits you. The sky beast shocks you.
You take 8 damage, and have 10/29 hp.
MASSIVE DAMAGE!!
You bludgeon the sky beast!
The sky beast is almost dead.
The sky beast barely misses you.
You barely miss the sky beast.
The sky beast is almost dead.
The sky beast hits you.
* * * LOW HITPOINT WARNING * * *
The sky beast shocks you.
You die...

....# #.##....#
....# #####
#.##....#####....#
....# ..
#.............#
###.#
###...#....### .<#
#...#....## ###
#####.....#
#.....# #.....###
#h.......
#...Y..!....
#.#.#.#.#.....
............. !#.
.#.#.#... # ....
.... .. #. .#
#.#.# . .... ....


You could see a sky beast.

Vanquished Creatures
  Ijyb (D:3)
  2 adders (D:2)
  A dart slug (D:2)
  3 endoplasms (D:1)
  4 giant cockroaches
  6 goblins
  3 hobgoblins
  4 jackals (D:3)
  A quokka (D:1)
  5 ball pythons
  5 bats
  3 frilled lizards
  3 kobolds (D:1)
41 creatures vanquished.

Notes
Turn   | Place    | Note
-------+----------+-------------------------------------------
     0 | D:1      | Dirtsage the Octopode Shapeshifter began the quest for the
                  | Orb.
     0 | D:1      | Reached XP level 1. HP: 13/13 MP: 1/1
   125 | D:1      | Reached XP level 2. HP: 18/18 MP: 2/2
   398 | D:1      | Reached XP level 3. HP: 23/23 MP: 3/3
  1438 | D:3      | Reached XP level 4. HP: 29/29 MP: 4/4
  1468 | D:3      | Noticed Ijyb
  1478 | D:3      | Killed Ijyb
  1479 | D:3      | Reached skill level 4 in Unarmed Combat
  1661 | D:3      | Noticed a sky beast
  1668 | D:3      | Slain by a sky beast

Illustrated notes

Levels and vault maps discovered:
D:1:      amcnicky_arrival_double_pillar, layout_basic, st_stairs_12
D:2:      minmay_inner_zag, layout_basic
D:3:      layout_basic, nicolae_ru_path_of_blood, mainiacjoe_overflow_chevrons,
          mainiacjoe_overflow_tiny_flanked, hellmonk_ecumenical_altar_zigzags,
          glass_columns_a, grunt_decor_cap, hex_medium, uniq_ijyb

Skill      XL: |  1  2  3  4 |
---------------+-------------+-----
Fighting       | 2 |  2.0
Unarmed Combat | 4 |  4.0
Dodging        | |  2.0
Shapeshifting  | |  3.8

Action                     |  1- 3 |  4- 6 || total
---------------------------+-------+-------++-------
  Melee: Unarmed           |    64 |    18 ||    82
         Constrict         |    16 |     2 ||    18
         Tentacles         |    11 |     4 ||    15
         Punch             |     2 |       ||     2
   Stab: Sleeping          |     5 |       ||     5
         Distracted        |     1 |       ||     1
 Armour: Skin              |    30 |    10 ||    40
  Dodge: Dodged            |    29 |     5 ||    34

Table legend: (Time is in decaauts)
 A = Elapsed time spent in this place.
 B = Non-inter-level travel time spent in this place.
 C = Inter-level travel time spent in this place.
 D = Time resting spent in this place.
 E = Time spent auto-exploring this place.
 F = Levels seen in this place.
 G = Mean time per level.
                   A        B        C        D        E       F      G
               +--------+--------+--------+--------+--------+-----+--------+
         Total |   1661 |   1603 |     58 |      0 |   1392 |   3 |  553.7 |
       Dungeon |   1661 |   1603 |     58 |      0 |   1392 |   3 |  553.7 |
               +--------+--------+--------+--------+--------+-----+--------+

Top non-repeatable levels by time:
     D:2: 823 daAuts
     D:1: 588 daAuts
     D:3: 249 daAuts
